 Dungeon Crawl Stone Soup version 0.29-a0-330-g52719c12eb (webtiles) character file.

Game seed: 13571020013158592294

111 Crownlay the Digger (level 4, -3/28 HPs)
             Began as an Octopode Earth Elementalist on May 25, 2022.
             Killed from afar by Blork the orc (9 damage)
             ... with a puff of flame
             ... on level 4 of the Dungeon.
             The game lasted 00:05:44 (3626 turns).

Crownlay the Digger (Octopode Earth Elementalist)   Turns: 3626, Time: 00:05:44

Health: -3/28      AC:  1    Str:  7    XL:     4   Next: 92%
Magic:  0/7        EV: 28    Int: 19    God:
Gold:   74         SH:  0    Dex: 12    Spells: 4/8 levels left

rFire   . . .      SeeInvis .   l - +2 dagger (holy)
rCold   . . .      Faith    .   (no shield)
rNeg    . . .      Spirit   .   (helmet restricted)
rPois   .          Reflect  .   t - amulet of the acrobat
rElec   .          Harm     .   g - +4 ring of slaying
rCorr   .          Rampage  .   (no ring)
Will    .....                   (no ring)
Stlth   +++.......              (no ring)
HPRegen 0.09/turn               (no ring)
MPRegen 0.10/turn               (no ring)
                                (no ring)
                                (no ring)

@: acrobatic
A: almost no armour, amphibious, 8 rings, camouflage 1, gelatinous body 1,
(nimble swimmer 1), tentacles
a: no special abilities


You were on level 4 of the Dungeon.
You visited 1 branch of the dungeon, and saw 4 of its levels.

You collected 188 gold pieces.
You spent 114 gold pieces at shops.

Inventory:

Hand Weapons
 j - a +3 dagger
 l - a +2 dagger of holy wrath (weapon)
Missiles
 a - 226 stones
Jewellery
 g - a +4 ring of slaying (left tentacle)
 t - an amulet of the acrobat (around mantle)
Scrolls
 d - 2 scrolls of enchant armour
 f - a scroll of magic mapping
 h - 3 scrolls of fog
 n - 2 scrolls of teleportation {unknown}
 o - a scroll of vulnerability {unknown}
 p - a scroll of holy word {unknown}
 q - a scroll of brand weapon {unknown}
 r - a scroll of silence
 s - a scroll of immolation {unknown}
Potions
 b - 2 potions of magic
 c - 2 potions of heal wounds {unknown}
 e - a potion of experience {unknown}
 i - 2 potions of curing {unknown}
 k - 3 potions of brilliance {unknown}
 m - a potion of resistance {unknown}


   Skills:
 + Level 1.4 Fighting
 + Level 2.6 Dodging
 + Level 3.8 Stealth
 + Level 2.5 Spellcasting
 - Level 1.0 Transmutations
 * Level 3.9 Earth Magic


You had 4 spell levels left.
You knew the following spells:

 Your Spells              Type           Power      Damage    Failure   Level
a - Sandblast             Erth           34%        2d9       3%          1
b - Stone Arrow           Conj/Erth      18%        3d8       22%         3

Your spell library contained the following spells:

 Spells                   Type           Power      Damage    Failure   Level
 Passwall                 Tmut/Erth      9%         N/A       9%          2
 Magic Dart               Conj           8%         1d3       16%         1
 Call Imp                 Summ           2%         N/A       24%         2
 Mephitic Cloud           Conj/Pois/Air  2%         N/A       43%         3
 Petrify                  Tmut/Erth      11%        N/A       50%         4


Dungeon Overview and Level Annotations

Branches:
Dungeon (4/15)
 Temple: D:4-7

Altars:
Fedhas

Shops:
D:1 *

Annotations:
D:4 Blork the orc


Innate Abilities, Weirdness & Mutations

You cannot wear most types of armour.
You are amphibious.
You can wear up to eight rings at the same time.
Your skin changes colour to match your surroundings (Stealth+).
Your rubbery body absorbs attacks. (AC +1, EV +1)
((You are camouflaged when in or above water. (Stealth+)))
You have tentacles for arms and can constrict up to eight enemies at once.


Message History

Blork the orc is moderately wounded.
Blork the orc shouts!
Blork the orc casts a cantrip, but nothing happens.
The spell is quite dangerous to miscast (22% risk of failure)!
Continue anyway?
The stone arrow hits Blork the orc!
Blork the orc is heavily wounded.
You don't have enough magic to cast this spell.
Blork the orc is nearby!
You aren't carrying any items that you can evoke.
Unknown command.
Casting: Stone Arrow (quite dangerous; 22% risk of failure)
Confirm with . or Enter, or press ? or * to list all spells.
Aiming: Sandblast (safe; 3% risk of failure)
Press: ? - help, Shift-Dir - straight line, f/p - Blork the orc
Aim: Blork the orc, wielding a +0 dire flail and wearing a +0 robe (heavily wounded, 82% to hit)
The blast of sand hits Blork the orc.
Blork the orc is severely wounded.
a - 227 stones Blork the orc casts a spell at you.
The magic dart hits you.
Casting: Sandblast (safe; 3% risk of failure)
Confirm with . or Enter, or press ? or * to list all spells.
Aiming: Sandblast (safe; 3% risk of failure)
Press: ? - help, Shift-Dir - straight line, f/p - Blork the orc
Aim: Blork the orc, wielding a +0 dire flail and wearing a +0 robe (severely wounded, 82% to hit)
The blast of sand hits Blork the orc!
Blork the orc is almost dead.
Blork the orc points at you and mumbles some strange words.
The puff of frost hits you! Blork the orc casts a spell at you.
The puff of flame misses you. Blork the orc casts a spell at you.
The magic dart hits you!
* * * LOW HITPOINT WARNING * * *
Blork the orc gestures wildly while chanting.
Blork the orc seems to speed up.
Blork the orc begins to cast a cantrip, but forgets the words!
Blork the orc gestures at you while chanting.
The puff of flame hits you!
You die...

#...............
....#..................
............#.#........
.....o..###.#.........
.....................
......#####.#....#.#
#...#..............###..
######.................#
# #...o......@<.# #
#................# #
###..........####..#
#............# ...
####.############ .
.....# ######


You could see Blork the orc (fast).

Vanquished Creatures
  An iguana (D:4)
  2 adders
  A worm (D:2)
  3 orcs (D:3)
  4 ball pythons
  5 endoplasms
  7 giant cockroaches
  4 goblins
  4 hobgoblins
  4 jackals (D:1)
  5 kobolds
  3 quokkas
  4 frilled lizards
  8 rats
55 creatures vanquished.

Notes
Turn   | Place    | Note
-------+----------+-------------------------------------------
     0 | D:1      | Crownlay the Octopode Earth Elementalist began the quest
                  | for the Orb.
     0 | D:1      | Reached XP level 1. HP: 11/11 MP: 3/3
     1 | D:1      | Found a runed translucent door.
   114 | D:1      | Found a faded altar of an unknown god.
   353 | D:1      | Found Hebloaq's General Store.
   492 | D:1      | Reached XP level 2. HP: 17/17 MP: 3/5
   609 | D:1      | Bought a scroll of fog for 24 gold pieces
   822 | D:1      | Reached XP level 3. HP: 8/22 MP: 0/6
  2368 | D:3      | Learned a level 3 spell: Stone Arrow
  2517 | D:3      | Reached skill level 1 in Fighting
  2517 | D:3      | Reached XP level 4. HP: 27/28 MP: 7/7
  3221 | D:4      | Found a blossoming altar of Fedhas.
  3487 | D:1      | Bought a scroll of silence for 90 gold pieces
  3604 | D:4      | Noticed Blork the orc
  3626 | D:4      | Killed from afar by Blork the orc

Illustrated notes

Levels and vault maps discovered:
D:1:      dpeg_arrival_caged_fury, layout_loops_cross,
          nicolae_ecumenical_lake_church, serial_shops, nicolae_shop_trees
D:2:      layout_loops_cross, kennysheep_generic_room_5
D:3:      layout_loops_corners, hangedman_decor_opposing
D:4:      layout_rooms, lemuel_round_altar, lemuel_tele_altar,
          uniq_blork_the_orc

Skill      XL: |  1  2  3 |
---------------+----------+-----
Stealth        | 3 |  3.8
Fighting       | 1 |  1.4
Dodging        | |  2.6
Spellcasting   | |  2.5
Transmutations | |  1.0
Earth Magic    | |  3.9

Action                   |  1- 3 |  4- 6 || total
-------------------------+-------+-------++-------
Melee: Dagger            |    57 |    17 ||    74
       Constrict         |    18 |     5 ||    23
       Tentacles         |    11 |     3 ||    14
 Cast: Sandblast         |    20 |     7 ||    27
       Stone Arrow       |       |     3 ||     3
  Use: Scroll            |       |     2 ||     2
 Stab: Sleeping          |     7 |     3 ||    10
       Distracted        |     1 |       ||     1
Armor: Skin              |     5 |     1 ||     6
Dodge: Dodged            |    29 |     7 ||    36

Table legend: (Time is in decaauts)
 A = Elapsed time spent in this place.
 B = Non-inter-level travel time spent in this place.
 C = Inter-level travel time spent in this place.
 D = Time resting spent in this place.
 E = Time spent auto-exploring this place.
 F = Levels seen in this place.
 G = Mean time per level.
                   A        B        C        D        E       F      G
               +--------+--------+--------+--------+--------+-----+--------+
         Total |   3626 |   3329 |    297 |      0 |   2959 |   4 |  906.5 |
       Dungeon |   3626 |   3329 |    297 |      0 |   2959 |   4 |  906.5 |
               +--------+--------+--------+--------+--------+-----+--------+

Top non-repeatable levels by time:
     D:2: 1238 daAuts
     D:1: 1097 daAuts
     D:3: 1024 daAuts
     D:4: 266 daAuts
